AoeStats
← jude__88

Arena

509878697Analyzed
2v2 RM · 5d ago on Sep 28, 2026· 40m 50s· 4 players
Game mode
Random Map
Map size
Medium (4 player)
Population
200
Speed
Normal
Resources
Standard
Victory
Conquest
Starting age
Dark Age
Ending age
Imperial Age
RankedLock teamsTeams togetherTeam positionsShared explorationLock speedFull tech treeHidden civsTurbo modeCheats
Victory
Defeat
🇳🇴 Persians · Norway
840
+13
🇳🇴 Romans · Norway
817
+14
🇺🇸 Italians · United States
796
-14
🇫🇷 Franks · France
765
-33
jude__88
13:59 Feudal Age
14:34 Stone Mining
14:35 Gold Mining
15:08 Double-Bit Axe
15:46 Man-at-Arms
16:12 Arson
17:15 Wheelbarrow
18:23 Loom
26:35 Castle Age
26:42 Castle Age
25:39 Town Watch
26:10 Forging
26:01 Scale Mail Armor
26:07 Scale Barding Armor
26:02 Padded Archer Armor
29:07 Fervor
29:00 Long Swordsman
29:41 Squires
30:08 Bow Saw
30:41 Gold Shaft Mining
30:08 Murder Holes
30:24 Fortified Wall
32:07 Guard Tower
34:50 Hand Cart
34:36 Town Patrol
34:50 Caravan
35:22 Coinage
34:23 Pikeman
34:49 Gambesons
35:27 Chain Barding Armor
35:22 Chain Mail Armor
35:23 Leather Archer Armor
35:44 Iron Casting
38:22 Ballistics
37:43 Treadmill Crane
39:02 Husbandry
tstien40
0:40 Loom
11:44 Feudal Age
12:06 Horse Collar
16:49 Double-Bit Axe
19:15 Castle Age
23:29 Thumb Ring
23:29 Heavy Plow
30:12 Imperial Age
27:25 Elite Skirmisher
27:47 Pikeman
28:29 Squires
30:49 Forging
30:40 Scale Mail Armor
30:40 Padded Archer Armor
30:31 Fletching
31:05 Silk Road
31:10 Gold Mining
31:11 Stone Mining
32:10 Bow Saw
33:19 Conscription
33:11 Arson
34:04 Iron Casting
33:44 Chain Mail Armor
33:45 Leather Archer Armor
34:52 Crop Rotation
37:18 Two-Man Saw
36:57 Wheelbarrow
37:54 Bodkin Arrow
39:00 Blast Furnace
38:31 Plate Mail Armor
38:31 Ring Archer Armor
38:58 Stone Shaft Mining
40:19 Elite Genoese Crossbowman
RedBeard
4:59 Loom
14:33 Feudal Age
18:17 Castle Age
16:26 Horse Collar
16:33 Double-Bit Axe
17:15 Gold Mining
18:17 Wheelbarrow
18:09 Town Watch
19:08 Bow Saw
19:00 Heavy Plow
24:15 Hand Cart
24:16 Town Patrol
26:02 Gold Shaft Mining
26:18 Fletching
26:37 Padded Archer Armor
26:20 Elite Skirmisher
28:45 Bodkin Arrow
29:19 Ballistics
32:32 Imperial Age
30:18 Masonry
31:24 Leather Archer Armor
31:10 Murder Holes
31:06 Guard Tower
31:36 Forging
31:26 Scale Mail Armor
31:32 Scale Barding Armor
33:33 Bloodlines
33:23 Husbandry
32:44 Cavalier
33:03 Cavalier
35:23 Ring Archer Armor
35:29 Iron Casting
35:10 Chain Mail Armor
35:15 Chain Barding Armor
35:28 Architecture
36:06 Two-Man Saw
35:39 Crop Rotation
35:01 Stone Mining
35:26 Savar
Ekho
11:56 Feudal Age
17:28 Castle Age
15:32 Double-Bit Axe
15:42 Horse Collar
16:18 Gold Mining
17:24 Stone Mining
21:15 Wheelbarrow
23:53 Bow Saw
24:05 Heavy Plow
26:06 Hand Cart
25:57 Town Watch
27:03 Gold Shaft Mining
27:02 Loom
30:49 Imperial Age
28:24 Scale Mail Armor
28:17 Man-at-Arms
29:19 Squires
29:59 Fortified Wall
30:06 Masonry
29:39 Long Swordsman
31:31 Chain Mail Armor
31:39 Legionary
32:35 Forging
32:32 Scale Barding Armor
33:27 Town Patrol
35:47 Crop Rotation
35:57 Caravan
37:37 Iron Casting
37:23 Chain Barding Armor
Connection lost

Rejoining the realm…

Still unreachable

The connection could not be restored.

Session expired

The server has moved on; the page needs a fresh start.